 Dungeon Crawl Stone Soup version 0.27-a0-797-g27d10ad80f (webtiles) character file.

Game seed: 2044994983105722638

911528 spiderkeys the Minotaur Porcupine (level 27, -36/273 HPs)
             Began as a Minotaur Berserker on Mar 26, 2021.
             Was the Champion of the Shining One.
             Killed from afar by Dispater (48 damage)
             ... with damnation
             ... on level 7 of the Iron City of Dis on Mar 27, 2021.
             The game lasted 02:43:33 (108962 turns).

spiderkeys the Minotaur Porcupine (MiBe)          Turns: 108962, Time: 02:43:34

Health: -36/273    AC: 49    Str: 31    XL:     27
Magic:  11/29      EV: 21    Int:  8    God:    the Shining One [******]
Gold:   9979       SH: 27    Dex: 16    Spells: 22/26 levels left

rFire    + + +     SeeInvis +   b - +9 trishula (holy)
rCold    + + .     Faith    .   Z - +2 kite shield {reflect}
rNeg     + + +     Spirit   .   R - +10 gold dragon scales
rPois    +         Reflect  +   M - +2 hat
rElec    .         Harm     .   W - +2 cloak {rCorr}
rCorr    +         Rampage  .   O - +0 pair of gloves of Reatyudy {Will+++ Str-5 Dex+2 SInv}
Will     +++++     Rnd*Rage +   G - +0 pair of boots {Fly}
Stlth    ..........             z - amulet of reflection
HPRegen  0.55/turn              V - ring of Dadad {rF+ rC+ rN+ SInv}
MPRegen  0.21/turn              g - ring "Getoo" {rF+ Will+ Str+4 Dex+3}

@: flying, glowing, studying Earth Magic
A: horns 2, retaliatory headbutt, repulsion field 1, yellow scales 1, agile 1,
berserk 1, blurry vision 1, clever 1, low mp 1, weak 1
}: 5/15 runes: serpentine, barnacled, slimy, silver, abyssal
a: Stop Flying, Renounce Religion, Divine Shield, Cleansing Flame, Summon Divine
Warrior


You were on level 7 of the Iron City of Dis.
You worshipped the Shining One.
The Shining One was exalted by your worship.
You visited 14 branches of the dungeon, and saw 65 of its levels.
You visited the Abyss 4 times.
You also visited: Bailey and Volcano.

You collected 12270 gold pieces.
You spent 2291 gold pieces at shops.

Inventory:

Hand Weapons
 b - a +9 trishula of holy wrath (weapon)
Missiles
 a - 164 silver javelins
 y - 19 throwing nets
Armour
 G - a +0 pair of boots of flying (worn)
 M - a +2 hat (worn)
 O - the +0 pair of gloves of Reatyudy (worn) {Will+++ Str-5 Dex+2 SInv}
   (You found it on level 5 of the Pits of Slime)

   It affects your strength (-5).
   It affects your dexterity (+2).
   It affects your willpower, your defense against some magical effects.
   It lets you see invisible.
 R - +10 gold dragon scales (worn)
 W - a +2 cloak of preservation (worn)
 Z - a +2 kite shield of reflection (worn)
Jewellery
 d - the ring of Tuiw {*Drain rF+ rCorr Dex+3 Stlth+}
   (You found it on level 7 of the Iron City of Dis)

   [ring of resist corrosion]

   It affects your dexterity (+3).
   It protects you from fire.
   It provides partial protection from all sources of acid and corrosion.
   It causes draining when unequipped.
   It makes you more stealthy.
 g - the ring "Getoo" (right hand) {rF+ Will+ Str+4 Dex+3}
   (You acquired it on level 2 of the Orcish Mines)

   [ring of protection from fire]

   It affects your strength (+4).
   It affects your dexterity (+3).
   It protects you from fire.
   It affects your willpower, your defense against some magical effects.
 z - an amulet of reflection (around neck)
 T - a +6 ring of intelligence
 V - the ring of Dadad (left hand) {rF+ rC+ rN+ SInv}
   (You took it off Kirke on level 14 of the Dungeon)

   [ring of see invisible]

   It protects you from fire.
   It protects you from cold.
   It protects you from negative energy.
   It lets you see invisible.
Wands
 s - a wand of digging (23)
 u - a wand of mindburst (25)
 B - a wand of acid (64)
 Y - a wand of paralysis (11)
Scrolls
 e - 25 scrolls of teleportation
 j - 34 scrolls of identify
 l - a scroll of enchant weapon
 n - 9 scrolls of magic mapping
 o - 2 scrolls of holy word
 q - 18 scrolls of immolation
 A - 9 scrolls of fear
 D - 8 scrolls of fog
 I - 3 scrolls of amnesia
 K - 2 scrolls of silence
 X - 4 scrolls of blinking
Potions
 c - 22 potions of curing
 f - 19 potions of lignification
 i - 6 potions of resistance
 k - 10 potions of ambrosia
 m - 10 potions of berserk rage
 p - 5 potions of attraction
 x - 9 potions of haste
 C - 14 potions of might
 H - 9 potions of cancellation
 J - 8 potions of magic
Miscellaneous
 v - a phantom mirror
 Q - a box of beasts


   Skills:
 O Level 27 Fighting
 O Level 27 Polearms
 * Level 22.8 Throwing
 O Level 27 Armour
 + Level 23.6 Dodging
 O Level 27 Shields
 - Level 15.0 Invocations
 - Level 8.0 Evocations


You had 22 spell levels left.
You knew the following spells:

 Your Spells              Type           Power      Damage    Failure   Level
a - Apportation           Tloc           0%         N/A       91%         1
b - Portal Projectile     Hex/Tloc       0%         N/A       100%        3

Your spell library contained the following spells:

 Spells                   Type           Power      Damage    Failure   Level
 Animate Skeleton         Necr           0%         N/A       91%         1
 Beastly Appendage        Tmut           0%         N/A       91%         1
 Corona                   Hex            0%         N/A       91%         1
 Foxfire                  Conj/Fire      0%         2x1d4     91%         1
 Freeze                   Ice            0%         1d3       91%         1
 Magic Dart               Conj           0%         1d3       91%         1
 Pain                     Necr           0%         1d4       91%         1
 Sandblast                Erth           0%         2d4       91%         1
 Shock                    Conj/Air       0%         1d3       91%         1
 Summon Small Mammal      Summ           0%         N/A       91%         1
 Blink                    Tloc           N/A        N/A       97%         2
 Call Imp                 Summ           0%         N/A       97%         2
 Ensorcelled Hibernation  Hex/Ice        0%         N/A       97%         2
 Passwall                 Tmut/Erth      0%         N/A       97%         2
 Poisonous Vapours        Pois/Air       0%         N/A       97%         2
 Searing Ray              Conj           0%         3d3       97%         2
 Slow                     Hex            0%         N/A       97%         2
 Sublimation of Blood     Necr           0%         N/A       97%         2
 Swiftness                Air            0%         N/A       97%         2
 Wereblood                Tmut           0%         N/A       97%         2
 Call Canine Familiar     Summ           0%         N/A       100%        3
 Confusing Touch          Hex            0%         N/A       100%        3
 Conjure Flame            Conj/Fire      0%         6-21      100%        3
 Dazzling Flash           Conj/Hex       0%         N/A       100%        3
 Frozen Ramparts          Ice            0%         1d2       100%        3
 Gell's Gravitas          Tloc           0%         N/A       100%        3
 Ignite Poison            Fire/Tmut/Pois 0%         N/A       100%        3
 Inner Flame              Hex/Fire       0%         N/A       100%        3
 Lesser Beckoning         Tloc           0%         N/A       100%        3
 Mephitic Cloud           Conj/Pois/Air  0%         N/A       100%        3
 Ozocubu's Armour         Ice            0%         N/A       100%        3
 Spider Form              Tmut/Pois      0%         N/A       100%        3
 Static Discharge         Conj/Air       0%         N/A       100%        3
 Stone Arrow              Conj/Erth      0%         3d7       100%        3
 Summon Guardian Golem    Hex/Summ       0%         N/A       100%        3
 Teleport Other           Tloc           0%         N/A       100%        3
 Tukima's Dance           Hex            0%         N/A       100%        3
 Vampiric Draining        Necr           0%         2d6       100%        3
 Airstrike                Air            0%         N/A       100%        4
 Animate Armour           Summ/Erth      0%         N/A       100%        4
 Animate Dead             Necr           0%         N/A       100%        4
 Cause Fear               Hex            0%         N/A       100%        4
 Dispel Undead            Necr           0%         3d6       100%        4
 Fulminant Prism          Conj/Hex       0%         3d6       100%        4
 Hailstorm                Conj/Ice       0%         3d3       100%        4
 Ice Form                 Ice/Tmut       0%         N/A       100%        4
 Iskenderun's Mystic Bla  Conj/Tloc      0%         2d3       100%        4
 Leda's Liquefaction      Hex/Erth       0%         N/A       100%        4
 Petrify                  Tmut/Erth      0%         N/A       100%        4
 Sticky Flame             Conj/Fire      0%         2d3       100%        4
 Summon Ice Beast         Ice/Summ       0%         N/A       100%        4
 Summon Lightning Spire   Summ/Air       0%         N/A       100%        4
 Agony                    Necr           0%         N/A       100%        5
 Alistair's Intoxication  Tmut/Pois      0%         N/A       100%        5
 Blade Hands              Tmut           0%         N/A       100%        5
 Bolt of Magma            Conj/Fire/Erth 0%         4d4       100%        5
 Borgnjor's Vile Clutch   Necr/Erth      0%         N/A       100%        5
 Excruciating Wounds      Necr           0%         N/A       100%        5
 Fireball                 Conj/Fire      0%         3d3       100%        5
 Iskenderun's Battlesphe  Conj           0%         2d6       100%        5
 Lee's Rapid Deconstruct  Erth           0%         3d5*      100%        5
 Lightning Bolt           Conj/Air       0%         1d11      100%        5
 Manifold Assault         Tloc           0%         N/A       100%        5
 Metabolic Englaciation   Hex/Ice        0%         N/A       100%        5
 Silence                  Hex/Air        0%         N/A       100%        5
 Summon Forest            Summ/Tloc      0%         N/A       100%        5
 Summon Mana Viper        Hex/Summ       0%         N/A       100%        5
 Yara's Violent Unravell  Hex/Tmut       0%         3d3       100%        5
 Conjure Ball Lightning   Conj/Air       0%         3x3d6     100%        6
 Death Channel            Necr           0%         N/A       100%        6
 Freezing Cloud           Conj/Ice/Air   0%         6-21      100%        6
 Invisibility             Hex            0%         N/A       100%        6
 Iron Shot                Conj/Erth      0%         9d1       100%        6
 Shadow Creatures         Summ           N/A        N/A       100%        6
 Simulacrum               Ice/Necr       0%         N/A       100%        6
 Statue Form              Tmut/Erth      0%         N/A       100%        6
 Orb of Destruction       Conj           0%         N/A       100%        7
 Ozocubu's Refrigeration  Ice            0%         4d5       100%        7
 Spellforged Servitor     Conj/Summ      0%         N/A       100%        7
 Summon Hydra             Summ           0%         N/A       100%        7
 Chain Lightning          Conj/Air       0%         N/A       100%        8
 Ignition                 Fire           0%         3d3       100%        8
 Lehudib's Crystal Spear  Conj/Erth      0%         10d2      100%        8
 Absolute Zero            Ice            0%         ∞         100%        9
 Fire Storm               Conj/Fire      0%         5d1       100%        9
 Shatter                  Erth           0%         3d5*      100%        9
 Tornado                  Air            0%         N/A       100%        9


Dungeon Overview and Level Annotations

Branches:
Dungeon (15/15)            Temple (1/1) D:4            Lair (6/6) D:10
 Shoals (4/4) Lair:4        Snake (4/4) Lair:3        Slime (5/5) Lair:5
    Orc (2/2) D:12            Elf (3/3) Orc:2        Vaults (5/5) D:13
  Crypt (3/3) Vaults:2       Tomb (0/3) Crypt:3      Depths (5/5) D:15
   Hell (visited)             Dis (7/7) Hell            Geh (0/7) Hell
    Coc (0/7) Hell            Tar (0/7) Hell            Zot (4/5) Depths:5
 Bailey (visited)         Volcano (visited)

Altars:
Ashenzari
Cheibriados
Dithmenos
Elyvilon
Fedhas
Gozag
Hepliaklqana
Kikubaaqudgha
Makhleb
Nemelex Xobeh
Okawaru
Qazlal
Ru
Sif Muna
Trog
Uskayaw
Vehumet
Wu Jian
Xom
Yredelemnul
Zin
The Shining One
Beogh
Jiyva
Lugonu

Shops:
D:15 (?[   Orc:2 !=[[   Elf:1 =   Elf:2 (   Elf:3 ?   Shoals:1 [(=*
Shoals:4 (   Snake:1 ((*:   Snake:3 ?   Vaults:2 ?   Vaults:4 ([   Depths:3 !

Portals:
Hell: Depths:1 Depths:2 Depths:3 Depths:4 Depths:5
Abyss: Depths:2 Depths:4 Depths:5
Pandemonium: Depths:3
Ziggurat: Depths:1

Annotations:
D:7 1 runed translucent door
Dis:7 Dispater


Innate Abilities, Weirdness & Mutations

You have a pair of horns on your head.
You reflexively headbutt those who attack you in melee.
You are surrounded by a mild repulsion field. (EV +2)
You are partially covered in yellow scales. (AC +2)
You are agile. (Dex +2)
You tend to lose your temper in combat.
Scrolls take you a little longer to read.
Your mind is acute. (Int +2)
Your magical capacity is low. (-10% MP)
You are weak. (Str -2)


Message History

The damnation engulfs the Hell Sentinel.
The Hell Sentinel completely resists.
The Hell Sentinel gestures at you.
The sphere of damnation explodes!
The damnation engulfs you!
* * * LOW HITPOINT WARNING * * *
The damnation engulfs the Hell Sentinel.
The Hell Sentinel completely resists.
The damnation engulfs Dispater.
Dispater completely resists.
The damnation engulfs the Hell Sentinel.
The Hell Sentinel completely resists.
The golden flame engulfs you but does no damage.
The golden flame engulfs the Hell Sentinel!!!
The Hell Sentinel writhes in agony!
The Hell Sentinel is heavily wounded.
The golden flame engulfs Dispater but does no damage.
Dispater is almost dead.
Dispater shouts, "Get thee hence, thou baffled crook-pated giglet!"
The golden flame engulfs the Hell Sentinel!!!
The Hell Sentinel writhes in agony!
The Hell Sentinel is moderately wounded.
The Hell Sentinel gestures at you.
Your +2 kite shield of reflection reflects the iron shot!
The iron shot hits the Hell Sentinel!!!
Dispater gestures at you. The iron shot hits you!!!
* * * LOW HITPOINT WARNING * * *
The Hell Sentinel hits you but does no damage.
You block the Hell Sentinel's attack.
Okay, then.
The Hell Sentinel roars!
You puncture Dispater!
Dispater convulses.
You headbutt Dispater, but do no damage.
Dispater is almost dead.
The Hell Sentinel disappears in a puff of smoke!
The Hell Sentinel completely misses you.
You furiously retaliate!
You headbutt the Hell Sentinel! You block the Hell Sentinel's attack.
Dispater gestures at you.
The sphere of damnation explodes!
The damnation engulfs you!!!
You die...

#†#..........,#....#.'..#...#.
#.#...........#....#.'..#...#.
#.#..#######..###....#..#...'.
#.#..#,,,$$#....#....#..#...#.
#.#..#,,,,$#....#....#..#####.
#.#..#,,,,,'....#....#..#.....
#.#..#,,,,,#1...#....#..#.....
#.#..#,,,,,#1&§.#....#..######
#.#..#######.@###....#..#....#
#.#...........#....#.'..#....#
#.#...........#....#.'..#....#
#.###'#########..#####..#...)'
#...#............#......#....#
#...#............#......#....#
#...##############......######
#.......................#..#..
#.....................).#..#..


You could see Dispater and 2 Hell Sentinels.

Vanquished Creatures
  the Royal Jelly (Slime:5)
  A dread lich (Crypt:3)
  An orb of fire (Zot:3)
  2 ancient liches
  Mara (Shoals:3)
  A juggernaut (Depths:3)
  Mennas (Vaults:2)
  Boris (Depths:4)
  2 Killer Klowns (Zot:2)
  A caustic shrike (Depths:3)
  Margery (Vaults:3)
  A curse toe (Zot:4)
  The ghost of ragingrage the Executioner, a veteran HOFi of Beogh (Vaults:2)
  8 golden dragons
  Geryon (Hell)
  The ghost of Igie the Sorcerer, a veteran SpVM of Ashenzari (Depths:3)
  8 bone dragons
  A profane servitor (Abyss:1)
  15 iron giants
  The ghost of Lobster4 the Crack Shot, an adept HuHu of Okawaru (Vaults:2)
  3 Brimstone Fiends
  2 Tzitzimimeh
  A hellephant (Abyss:3)
  12 tentacled monstrosities
  3 electric golems (Zot:1)
  Jorgrun (Orc:1)
  Rupert (Lair:3)
  7 liches
  9 Hell Sentinels
  6 Ice Fiends
  Asterion (Vaults:1)
  3 deep elf blademasters
  11 quicksilver dragons
  20 acid blobs
  9 death cobs
  2 deep elf master archers (Elf:3)
  A titan (Vaults:5)
  30 ancient champions
  Polyphemus (Shoals:2)
  7 tentacled starspawn
  4 Executioners
  The ghost of Erchybum the Phalangite, an adept MfGl of the Shining One (Shoals:1)
  Gastronok (D:10)
  4 sphinxes
  12 storm dragons
  4 tengu reavers
  14 shadow dragons
  11 draconian monks
  Donald (Vaults:3)
  7 nagarajas
  Roxanne (Shoals:3)
  2 revenants
  Kirke (D:14)
  11 fire giants
  3 rockslimes
  14 azure jellies
  7 draconian knights
  16 iron dragons
  7 draconian scorchers
  10 frost giants
  6 ghost moths
  Ilsuiw (Shoals:4)
  4 deep elf sorcerers
  3 orc warlords
  9 cacodemons
  6 deep elf elementalists
  3 curse skulls (Crypt:3)
  5 balrugs
  6 draconian stormcallers
  17 ghouls
  22 vault wardens
  3 spriggan defenders
  5 draconian shifters
  5 quicksilver oozes
  5 draconian annihilators
  31 ironbound preservers
  7 war gargoyles
  47 reapers
  49 very ugly things
  44 stone giants
  A stone giant (shapeshifter) (Depths:4)
  7 deep elf demonologists
  3 vampire knights
  2 entropy weavers
  11 green draconians
  4 lorocyprocas
  5 red draconians
  11 white draconians
  7 purple draconians
  9 deep elf annihilators
  9 spark wasps
  14 black draconians
  5 dire elephants
  9 yellow draconians
  6 eidola
  4 blizzard demons
  14 deep elf death magi
  10 quicksilver dragon zombies
  3 crystal guardians
  A green death (Dis:7)
  16 ettins
  11 great orbs of eyes
  13 merfolk javelineers
  A fire dragon (shapeshifter) (D:15)
  15 yaktaur captains
  Josephine (D:10)
  12 fire dragons
  7 deep elf high priests
  6 merfolk impalers
  2 jiangshi (D:15)
  9 ironbound thunderhulks
  25 ice dragons
  An ice dragon (shapeshifter) (Vaults:5)
  17 naga warriors
  Harold (D:10)
  5 merfolk avatars
  2 quicksilver dragon skeletons
  8 spriggan air magi
  2 hell beasts
  15 hydras
  10 rakshasas
  36 vault guards
  4 ogre magi
  8 catoblepae
  8 boulder beetles
  15 ironbound frosthearts
  6 merfolk aquamancers
  2 peacekeepers
  17 centaur warriors
  4 death knights
  23 anacondas
  31 dancing weapons
  2 satyrs (Shoals:3)
  6 deep troll shamans
  8 death yaks
  8 deep troll earth magi
  26 thrashing horrors
  12 titan zombies
  13 tengu warriors
  9 spriggan berserkers
  2 vampire magi (Depths:1)
  10 hell hogs
  6 ironbound beastmasters
  19 two-headed ogres
  16 shock serpents
  10 naga sharpshooters
  Sonja (D:11)
  Urug (Lair:2)
  4 orc high priests (Orc:2)
  4 hell knights
  16 deep elf knights
  An iron golem (Dis:1)
  9 sun demons
  5 soul eaters
  6 sixfirhies
  3 storm dragon zombies
  23 iron trolls
  10 wretched stars
  A golden dragon zombie (Dis:5)
  A sea snake (shapeshifter) (Vaults:5)
  101 skeletal warriors
  3 spatial maelstroms
  10 salamander mystics
  5 anaconda zombies
  8 shadow wraiths
  An iron giant zombie (Crypt:1)
  A torturous demonspawn (Depths:3)
  A storm dragon skeleton (Crypt:3)
  15 sea snakes
  3 ghost moth zombies
  2 shadow demons
  A swamp dragon (shapeshifter) (Depths:1)
  13 naga ritualists
  84 deep trolls
  11 ironbound convokers
  A tengu zombie (Vaults:2)
  11 flayed ghosts
  7 glowing orange brains
  A glowing orange brain (shapeshifter) (Depths:2)
  10 lindwurms
  14 deep elf archers
  24 wizards
  A goliath frog zombie (Crypt:2)
  23 harpies
  A lindwurm (shapeshifter) (Depths:3)
  18 phantasmal warriors
  9 necromancers
  3 anaconda skeletons
  26 deep elf pyromancers
  A wolf spider (shapeshifter) (Vaults:5)
  12 orc knights
  3 bog bodies
  78 ugly things
  5 iron dragon zombies
  5 shadow dragon zombies
  4 shining eyes
  22 deep elf zephyrmancers
  4 orc sorcerers (Orc:2)
  6 fire giant zombies
  7 stone giant zombies
  A faun (shapeshifter) (Vaults:5)
  A shining eye (shapeshifter) (Vaults:5)
  14 mana vipers
  A will-o-the-wisp (Abyss:1)
  A wolf spider (Lair:6)
  A cyclops (shapeshifter) (Vaults:4)
  2 shadow dragon skeletons (Crypt:1)
  3 oklob plants (Lair:1)
  36 cyclopes
  23 salamanders
  7 elephants
  23 moths of wrath
  10 fauns
  3 frost giant zombies (Dis:7)
  16 manticores
  13 guardian serpents
  7 merfolk sirens
  2 fire giant skeletons
  3 frost giant skeletons
  A stone giant skeleton (Dis:7)
  27 naga magi
  Maurice (D:10)
  5 dire elephant zombies
  4 centaur zombies
  50 black mambas
  62 rust devils
  16 vault sentinels
  7 molten gargoyles
  A shock serpent zombie (Dis:1)
  6 water nymphs
  An iron dragon skeleton (Dis:1)
  15 smoke demons
  An apocalypse crab (Abyss:1)
  2 eyes of devastation
  2 ice statues (Hell)
  5 torpor snails (Lair:6)
  6 orange demons
  4 rime drakes
  2 gargoyles (D:12)
  23 cane toads
  A swamp worm zombie (Crypt:3)
  A purple draconian zombie (Dis:7)
  18 hellions
  5 human zombies
  7 tengu conjurers
  14 komodo dragons
  An emperor scorpion zombie (Dis:1)
  15 freezing wraiths
  2 catoblepas zombies
  An efreet (Dis:3)
  21 yaktaurs
  2 kobold demonologists (D:11)
  A sea snake zombie (Hell)
  13 ancient zymes
  37 tormentors
  4 hellwings
  A white draconian skeleton (Crypt:1)
  13 ice devils
  10 hydra zombies
  A grey draconian skeleton (Crypt:2)
  4 guardian mummies
  2 harpy zombies (Dis:7)
  A meliai (D:15)
  14 trolls
  35 merfolk
  9 polar bears
  16 red devils
  A death drake zombie (Crypt:2)
  4 tyrant leeches (Lair:6)
  4 wind drakes
  18 dream sheep
  2 hydra skeletons
  16 hornets
  63 slime creatures
  Grinder (D:3)
  A raiju (shapeshifter) (Vaults:5)
  6 ettin zombies
  40 blink frogs
  An iron troll skeleton (Crypt:3)
  4 fire dragon zombies
  21 raiju
  3 alligator zombies
  7 snapping turtles
  3 ice dragon zombies
  2 air elementals
  48 flying skulls
  A redback (shapeshifter) (Vaults:5)
  8 spriggans
  8 ynoxinuls
  17 water elementals
  25 yaks
  2 spriggan skeletons
  24 wyverns
  2 black mamba zombies
  4 redbacks
  32 wraiths
  4 centaur simulacra
  10 shadows
  A vampire (D:8)
  10 fire bats
  A black mamba skeleton (Dis:3)
  5 hogs (D:15)
  Grum (D:9)
  7 basilisks
  13 chaos spawn
  A fire elemental (Elf:3)
  3 golden eyes
  6 vampire mosquitoes
  7 steam dragons
  An elf skeleton (Vaults:2)
  58 nagas
  6 neqoxecs
  A redback simulacrum (D:15)
  A hydra simulacrum (Hell)
  3 spatial vortices
  A gelid demonspawn zombie (Crypt:3)
  A merfolk zombie (Dis:2)
  26 large abominations
  3 acid dragons
  5 wargs (Orc:2)
  A water nymph skeleton (Crypt:1)
  36 water moccasins
  6 floating eyes
  33 hell hounds
  A floating eye (shapeshifter) (Vaults:4)
  2 ogre skeletons
  3 cane toad zombies
  2 hornet zombies
  16 black bears
  41 orc warriors
  2 sky beasts
  A swamp dragon zombie (Abyss:2)
  2 ice beasts (Vaults:2)
  A torturous demonspawn skeleton (Crypt:2)
  8 necrophages
  4 manticore zombies
  3 snapping turtle zombies
  8 wolves
  A boggart (D:15)
  35 ogres
  A phantom (Dis:2)
  3 centaurs
  3 hog skeletons
  5 kobold brigands
  2 elf zombies (Elf:1)
  15 bullfrogs
  5 earth elementals
  A yaktaur skeleton (Crypt:3)
  10 gnoll sergeants
  A glowing shapeshifter simulacrum (Vaults:2)
  A spriggan zombie (Dis:5)
  5 killer bees (D:9)
  33 wights
  3 howler monkeys (D:11)
  5 crimson imps
  A bullfrog zombie (Crypt:1)
  47 starcursed masses
  4 quasits
  3 hounds
  5 jellies
  30 orc priests
  4 centaur skeletons
  8 gnoll shamans
  48 iron imps
  4 hell rats
  An iguana (D:5)
  A human skeleton (Crypt:1)
  23 orc wizards
  5 lightning spires (Zot:1)
  15 small abominations
  A naga zombie (Crypt:1)
  An ogre zombie (Dis:7)
  2 felid skeletons
  2 hound skeletons
  Robin (D:3)
  2 howler monkey zombies
  28 mummies
  34 gnolls
  9 adders
  3 shadow imps
  10 white imps
  An ufetubus (Abyss:1)
  4 worms
  2 dart slugs
  106 orcs
  3 bats
  3 endoplasms (D:2)
  A giant cockroach (D:1)
  17 goblins
  15 hobgoblins
  4 jackals (D:1)
  41 kobolds
  2 quokkas (D:1)
  6 ball pythons
  2 frilled lizards
  A frilled lizard skeleton (Crypt:3)
  A kobold skeleton (Dis:7)
  3 rats
  A fire vortex (Depths:1)
  6 starspawn tentacles
3854 creatures vanquished.

Vanquished Creatures (collateral kills)
  2 acid blobs (Slime:3)
  An Executioner (Dis:7)
  4 ancient champions
  A rockslime (Slime:3)
  4 reapers
  2 quicksilver dragon zombies
  An iron golem (Dis:7)
  2 iron trolls (Dis:7)
  14 skeletal warriors
  An anaconda zombie (Dis:4)
  A shadow dragon zombie (Dis:7)
  A frost giant zombie (Dis:7)
  A dire elephant zombie (Dis:6)
  A fire giant skeleton (Dis:3)
  4 rust devils
  3 hellions
  A freezing wraith (Dis:5)
  4 ice devils
  A tormentor (Dis:3)
  2 fire dragon zombies
  An ice dragon zombie (Dis:4)
  A flying skull (Dis:6)
  A hell hound (Dis:3)
  A swamp dragon zombie (Dis:6)
  2 snapping turtle zombies
  A necrophage (Dis:3)
  2 wights (Dis:3)
  5 iron imps
  A mummy (Dis:6)
66 creatures vanquished.

Vanquished Creatures (others)
  Frederick (Vaults:5)
  A green draconian (Zot:2)
  A black draconian (Zot:1)
  A naga warrior (Abyss:3)
  A hell hog (Depths:1)
  A vampire mage (Depths:1)
  A sun demon (Hell)
  3 deep elf pyromancers
  A merfolk (Shoals:4)
  A hydra zombie (Dis:7)
  A water elemental (Depths:4)
  A fire bat (Abyss:4)
  A naga (Snake:4)
  A hell hound (Dis:3)
  An ogre (Vaults:5)
  2 small abominations (Abyss:1)
  An orc wizard (D:7)
  A mummy (Dis:7)
  5 ball lightnings (Zot:1)
  2 foxfires (Abyss:1)
  24 fungi
  176 plants
  11 starspawn tentacles
239 creatures vanquished.

Grand Total: 4159 creatures vanquished

Notes
Turn   | Place    | Note
-------+----------+-------------------------------------------
     0 | D:1      | spiderkeys the Minotaur Berserker began the quest for the
                  | Orb.
     0 | D:1      | Reached XP level 1. HP: 19/19 MP: 0/0
    71 | D:1      | Reached XP level 2. HP: 25/27 MP: 1/1
  1016 | D:2      | Reached XP level 3. HP: 31/33 MP: 2/2
  1034 | D:2      | Reached ** piety under Trog
  1574 | D:3      | Noticed Grinder
  1577 | D:3      | Paralysed by Grinder for 5 turns
  1589 | D:3      | Killed Grinder
  1590 | D:3      | Reached skill level 5 in Polearms
  1590 | D:3      | Reached XP level 4. HP: 24/41 MP: 3/3
  1590 | D:3      | Reached XP level 5. HP: 27/47 MP: 4/4
  1858 | D:3      | Reached XP level 6. HP: 53/55 MP: 5/5
  1925 | D:3      | Noticed Robin
  1956 | D:3      | Killed Robin
  2186 | D:3      | Found a hazy altar of Hepliaklqana.
  2802 | D:4      | Reached *** piety under Trog
  2825 | D:4      | Found a staircase to the Ecumenical Temple.
  2838 | D:4      | Reached skill level 5 in Fighting
  3086 | D:4      | Found a glowing golden altar of the Shining One.
  3477 | D:5      | Entered Level 5 of the Dungeon
  3546 | D:5      | Reached XP level 7. HP: 59/61 MP: 6/6
  3960 | D:5      | Reached skill level 5 in Armour
  4441 | D:6      | Reached **** piety under Trog
  4688 | D:6      | Identified the Compendium of Supportive Unholy Secrets
  5570 | D:6      | Reached skill level 5 in Dodging
  5570 | D:6      | Reached XP level 8. HP: 62/70 MP: 7/7
  6319 | D:7      | Found a burning altar of Makhleb.
  6321 | D:7      | Found an ancient bone altar of Kikubaaqudgha.
  6542 | D:7      | Reached XP level 9. HP: 79/79 MP: 8/8
  6681 | D:7      | Reached ***** piety under Trog
  6824 | D:7      | Reached skill level 10 in Polearms
  7078 | D:7      | Found a runed translucent door.
  7079 | D:7      | Noticed an angel
  7084 | D:7      | Found a white marble altar of Elyvilon.
  7683 | D:8      | Noticed a two-headed ogre
  7691 | D:8      | Killed a two-headed ogre
  8067 | D:8      | Found a transporter.
  8067 | D:8      | Noticed a cyclops
  8069 | D:8      | Noticed a manticore
  8070 | D:8      | Found a transporter.
  8070 | D:8      | Noticed a yaktaur captain
  8070 | D:8      | Noticed a cyclops
  8093 | D:8      | Found a basalt altar of Yredelemnul.
  8094 | D:8      | Found a hide-covered altar of Uskayaw.
  8425 | D:8      | Reached XP level 10. HP: 65/90 MP: 9/9
  9347 | D:9      | Received a gift from Trog
  9354 | D:9      | Noticed Grum
  9362 | D:9      | Killed Grum
  9445 | D:9      | Found a sparkling altar of Nemelex Xobeh.
  9797 | D:10     | Entered Level 10 of the Dungeon
 10136 | D:10     | Noticed Harold
 10149 | D:10     | Killed Harold
 10772 | D:10     | Reached XP level 11. HP: 99/99 MP: 10/10
 10834 | D:10     | Noticed Maurice
 10845 | D:10     | Killed Maurice
 10942 | D:10     | Noticed Gastronok
 10955 | D:10     | Killed Gastronok
 10956 | D:10     | Reached skill level 10 in Fighting
 11143 | D:10     | Found a staircase to the Lair.
 11360 | D:11     | Noticed a five-headed hydra
 11365 | D:11     | Noticed Sonja
 11374 | D:11     | Killed a five-headed hydra
 11375 | D:11     | Reached skill level 10 in Armour
 11376 | D:11     | Noticed a two-headed ogre
 11526 | D:11     | Killed a two-headed ogre
 11532 | D:11     | Killed Sonja
 11598 | D:11     | Noticed Josephine
 11621 | D:10     | Killed Josephine
 11710 | D:11     | Found a flagged portal.
 11715 | D:11     | Received a gift from Trog
 11734 | Bailey   | Entered a bailey
 13377 | D:11     | Noticed an orc knight
 13382 | D:11     | Killed an orc knight
 13798 | D:11     | Reached XP level 12. HP: 110/110 MP: 11/11
 14006 | D:11     | Reached skill level 10 in Dodging
 14490 | D:12     | Received a gift from Trog
 14622 | D:12     | Found a staircase to the Orcish Mines.
 14862 | D:12     | Reached skill level 15 in Polearms
 15808 | D:13     | Found a gate to the Vaults.
 15808 | D:13     | Noticed a boulder beetle
 15808 | D:13     | Noticed a tengu warrior
 15808 | D:13     | Noticed a vault guard
 15808 | D:13     | Noticed a vault guard
 15808 | D:13     | Noticed a vault guard
 15808 | D:13     | Noticed a centaur warrior
 15808 | D:13     | Noticed a vault guard
 15885 | D:13     | Killed a vault guard
 15897 | D:13     | Killed a vault guard
 16301 | D:13     | Killed a vault guard
 16327 | D:13     | Killed a tengu warrior
 16343 | D:13     | Killed a boulder beetle
 16705 | D:13     | Killed a vault guard
 16774 | D:13     | Noticed a two-headed ogre
 16782 | D:13     | Killed a two-headed ogre
 16783 | D:13     | Reached XP level 13. HP: 107/118 MP: 12/12
 19101 | D:15     | Entered Level 15 of the Dungeon
 19112 | D:15     | Reached skill level 1 in Shields
 19179 | D:15     | Paralysed by a floating eye for 3 turns
 19512 | D:15     | Identified the ring of the Amoeba {Dex+6 Stlth+}
 19527 | D:15     | Found Zaumod's Magic Scroll Emporium.
 19542 | D:15     | Bought a scroll of acquirement for 832 gold pieces
 19542 | D:15     | Acquired a +1 cloak of preservation
 19569 | D:15     | Noticed a deep elf annihilator
 19576 | D:15     | Killed a deep elf annihilator
 19756 | D:15     | Paralysed by a floating eye for 3 turns
 19845 | D:15     | Reached XP level 14. HP: 122/129 MP: 13/13
 19848 | D:15     | Reached ****** piety under Trog
 19871 | D:15     | Identified the ring "Edemag" {rC- Str+3 Int+6 Dex+2}
 19884 | D:15     | Found Coqosch's Antique Weapon Emporium.
 19899 | D:15     | Reached skill level 5 in Shields
 19968 | D:15     | Bought a scorched spear for 232 gold pieces
 19968 | D:15     | Identified the +9 spear "Huske" {drain, rF+ Will+++ Str-3
                  | Stlth+} (You bought it in a shop on level 15 of the
                  | Dungeon)
 19996 | D:15     | Paralysed by a floating eye for 3 turns
 20005 | D:15     | Noticed a sphinx
 20013 | D:15     | Killed a sphinx
 20116 | D:15     | Noticed Kirke
 20152 | D:14     | HP: 6/129 [boulder beetle (15)]
 20780 | D:15     | Received a gift from Trog
 21382 | D:15     | Found a staircase to the Depths.
 21477 | D:15     | Found a transporter.
 21537 | D:15     | Noticed a stone giant
 21545 | D:15     | Killed a stone giant
 22144 | D:15     | Found a transporter.
 22147 | D:15     | Identified the ring of Dadad {rF+ rC+ rN+ SInv}
 22192 | D:14     | Killed Kirke
 22435 | D:15     | Identified the Disquisition on Blistering Necromancy
 22503 | D:15     | Reached XP level 15. HP: 137/138 MP: 14/14
 22573 | D:15     | Found Fiumuwu's Armour Emporium.
 22786 | Lair:1   | Entered Level 1 of the Lair of Beasts
 22842 | Lair:1   | Acquired a +4 demon trident of venom
 23700 | Lair:1   | Reached skill level 10 in Shields
 24060 | Lair:2   | Identified the +0 buckler of Barnacled Liberty {+Blink
                  | Int+4}
 24127 | Lair:2   | Noticed Urug
 24134 | Lair:2   | Killed Urug
 24721 | Lair:3   | Identified the +7 glaive of Trog's Pride {vorpal, Int+7}
                  | (Trog gifted it to you on level 3 of the Lair of Beasts)
 24721 | Lair:3   | Received a gift from Trog
 24853 | Lair:3   | Found a staircase to the Snake Pit.
 25065 | Lair:3   | Noticed Rupert
 25080 | Lair:3   | Killed Rupert
 25791 | Lair:4   | Received a gift from Trog
 25831 | Lair:4   | Found a staircase to the Shoals.
 26390 | Lair:5   | You fall into a shaft and drop 1 floor!
 26390 | Lair:6   | Entered Level 6 of the Lair of Beasts
 26448 | Lair:6   | Reached skill level 15 in Fighting
 26530 | Lair:6   | Reached XP level 16. HP: 107/149 MP: 15/15
 26569 | Lair:6   | Found a dark tunnel.
 26576 | Volcano  | Entered a volcano
 26717 | Volcano  | Received a gift from Trog
 26870 | Volcano  | Reached skill level 15 in Armour
 27710 | Lair:6   | Received a gift from Trog
 27979 | Lair:6   | Identified the +7 scale mail "Yxzok" {rElec rPois Str+2}
 28377 | Lair:6   | Found a runed translucent door.
 28597 | Lair:6   | Received a gift from Trog
 29200 | Lair:5   | Found a staircase to the Slime Pits.
 29201 | Lair:5   | Found a viscous altar of Jiyva.
 30019 | Orc:1    | Entered Level 1 of the Orcish Mines
 30099 | Orc:2    | Entered Level 2 of the Orcish Mines
 30180 | Orc:2    | Received a gift from Trog
 30636 | Orc:2    | Reached skill level 1 in Throwing
 30636 | Orc:2    | Reached skill level 1 in Evocations
 30760 | Orc:2    | Received a gift from Trog
 30859 | Orc:2    | Found Hamne's Armour Boutique.
 30895 | Orc:2    | Found Ziemunon's Antique Armour Shop.
 31135 | Orc:2    | Acquired the ring "Getoo" {rF+ Will+ Str+4 Dex+3}
 31224 | Orc:2    | Found Vamomp's Distillery.
 31238 | Orc:2    | Reached XP level 17. HP: 158/158 MP: 16/16
 31331 | Orc:2    | Found Tont's Jewellery Shoppe.
 31390 | Orc:2    | Received a gift from Trog
 31803 | Orc:2    | Found a staircase to the Elven Halls.
 32010 | Orc:2    | Bought a potion of heal wounds for 80 gold pieces
 32010 | Orc:2    | Bought a potion of lignification for 48 gold pieces
 32079 | Orc:1    | Reached skill level 15 in Shields
 32425 | Orc:1    | Noticed Jorgrun
 32437 | Orc:1    | Killed Jorgrun
 32681 | Depths:1 | Entered Level 1 of the Depths
 32685 | Depths:1 | Found a gateway to a ziggurat.
 32693 | Depths:1 | Paralysed by a floating eye for 3 turns
 33388 | Snake:1  | Entered Level 1 of the Snake Pit
 33438 | Snake:1  | Found Adaipoivuff's Assorted Antiques.
 33438 | Snake:1  | Found Dumi's Antique Weapon Emporium.
 33439 | Snake:1  | Found Puoton's Antique Weapon Emporium.
 33443 | Snake:1  | Found Roarit's Book Shoppe.
 33613 | Snake:1  | Found an iron altar of Okawaru.
 34019 | Snake:2  | Identified the +1 scale mail "Yhiamuf" {Rampage rPois rC+}
 34109 | Snake:2  | Received a gift from Trog
 34219 | Snake:2  | Reached skill level 5 in Throwing
 34562 | Snake:2  | Reached skill level 5 in Evocations
 35826 | Snake:3  | Reached XP level 18. HP: 166/170 MP: 17/17
 36399 | Snake:3  | Found Vann's Magic Scroll Boutique.
 36404 | Snake:3  | Bought a scroll of blinking for 120 gold pieces
 36596 | Snake:3  | Reached XP level 19. HP: 177/177 MP: 18/18
 36598 | Snake:4  | Entered Level 4 of the Snake Pit
 36643 | Snake:4  | Received a gift from Trog
 37745 | Snake:4  | Received a gift from Trog
 38745 | Snake:4  | Received a gift from Trog
 38853 | Snake:4  | Reached skill level 10 in Throwing
 38872 | Snake:4  | Got a serpentine rune of Zot
 39116 | Shoals:1 | Entered Level 1 of the Shoals
 39142 | Shoals:1 | Found Sycos's Armour Shop.
 39248 | Shoals:1 | Found Usimaf's Weapon Boutique.
 39330 | Shoals:1 | Found a runed translucent door.
 39338 | Shoals:1 | Noticed Erchybum's ghost (adept MfGl)
 39591 | Shoals:1 | Reached XP level 20. HP: 188/189 MP: 19/19
 39780 | Shoals:1 | Found Xuavvioh's Jewellery Shop.
 39830 | Shoals:1 | Found Tantit's General Store.
 40176 | Shoals:1 | Killed Erchybum's ghost
 40362 | Shoals:2 | Noticed Polyphemus
 40378 | Shoals:2 | Killed Polyphemus
 40937 | Shoals:3 | Received a gift from Trog
 41014 | Shoals:3 | Found a broken altar of Ashenzari.
 41884 | Shoals:3 | Identified Roxanne's Tome of the Rocks
 41884 | Shoals:3 | Noticed Roxanne
 41894 | Shoals:3 | Killed Roxanne
 41907 | Shoals:3 | Noticed Mara
 41911 | Shoals:3 | Noticed spiderkeys's illusion
 41922 | Shoals:3 | Killed Mara
 42076 | Shoals:3 | Found an opulent altar of Gozag.
 42427 | Shoals:4 | Entered Level 4 of the Shoals
 42428 | Shoals:4 | Noticed Ilsuiw
 43803 | Shoals:4 | Killed Ilsuiw
 44508 | Shoals:4 | Received a gift from Trog
 45245 | Shoals:4 | Found Xoedigug's Weapon Shop.
 46175 | Shoals:4 | Got a barnacled rune of Zot
 46330 | Shoals:4 | Identified the +0 pair of gloves "Qastoisch" {Will+}
 46388 | Shoals:4 | Identified the +8 shortbow of Peujio Kocy {freeze, rElec
                  | rN+ Str+3}
 46687 | Vaults:1 | Entered Level 1 of the Vaults
 46813 | Vaults:1 | Reached XP level 21. HP: 150/199 MP: 20/20
 47157 | Vaults:1 | Noticed Asterion
 47170 | Vaults:1 | Killed Asterion
 47221 | Vaults:1 | Received a gift from Trog
 48942 | Vaults:2 | Identified the +3 bardiche "Milof" {vorpal, Str+4 Int+7
                  | Dex-5} (Trog gifted it to you on level 2 of the Vaults)
 48942 | Vaults:2 | Received a gift from Trog
 49770 | Vaults:2 | Found a staircase to the Crypt.
 49776 | Vaults:2 | Found Ofiph's Magic Scroll Boutique.
 49784 | Vaults:2 | Bought a scroll of blinking for 135 gold pieces
 50124 | Vaults:2 | Found a large runed translucent door.
 50124 | Vaults:2 | Found a large runed translucent door.
 50124 | Vaults:2 | Noticed Lobster4's ghost (adept HuHu)
 50124 | Vaults:2 | Noticed ragingrage's ghost (veteran HOFi)
 50581 | Vaults:2 | Killed ragingrage's ghost
 50596 | Vaults:2 | Killed Lobster4's ghost
 51281 | Vaults:3 | Noticed Donald
 51290 | Vaults:3 | Killed Donald
 51420 | Vaults:3 | Received a gift from Trog
 51602 | Vaults:3 | Reached XP level 22. HP: 163/211 MP: 21/21
 52118 | Vaults:3 | Noticed Margery
 52124 | Vaults:3 | Cast into level 2 of the Abyss (hell knight)
 52181 | Vaults:3 | Escaped the Abyss
 52192 | Vaults:3 | Killed Margery
 52556 | Vaults:3 | Received a gift from Trog
 53356 | Vaults:3 | Reached skill level 15 in Dodging
 53514 | Vaults:3 | Noticed Mennas
 53583 | Vaults:2 | Killed Mennas
 54223 | Vaults:4 | Received a gift from Trog
 55364 | Vaults:4 | Found Reojy's Weapon Boutique.
 55411 | Vaults:4 | Found Hucump's Antique Armour Shoppe.
 55521 | Vaults:5 | Entered Level 5 of the Vaults
 55552 | Vaults:4 | Reached XP level 23. HP: 136/220 MP: 22/22
 55555 | Vaults:4 | Received a gift from Trog
 57398 | Vaults:5 | Gained mutation: You are weak. (Str -2) [a shining eye]
 58596 | Vaults:4 | Received a gift from Trog
 59292 | Vaults:5 | Identified the ring "Jifoqeth" {*Slow EV+4 SInv Stlth+}
 59445 | Vaults:5 | Identified the amulet "Weizxih" {Faith Str+3}
 59682 | Vaults:5 | Noticed an ancient lich
 59697 | Vaults:5 | Killed an ancient lich
 59934 | Vaults:5 | Identified the +3 spear of Doom {vorpal, +Blink Str-4
                  | Int+2} (Trog gifted it to you on level 5 of the Vaults)
 59934 | Vaults:5 | Received a gift from Trog
 60360 | Vaults:5 | Reached skill level 15 in Throwing
 60500 | Vaults:5 | Identified the Volume of Conjuration
 60870 | Vaults:5 | Reached XP level 24. HP: 231/231 MP: 22/22
 60995 | Vaults:5 | Identified the ring "Egitait" {rC+ Dex+8}
 61044 | Vaults:5 | Noticed Frederick
 61063 | Vaults:5 | Received a gift from Trog
 61074 | Vaults:5 | Killed Frederick
 61251 | Vaults:5 | Got a silver rune of Zot
 61796 | Vaults:5 | Identified the +1 ring mail of Byrohonu {*Drain Int+6}
 62041 | Elf:1    | Entered Level 1 of the Elven Halls
 62042 | Elf:1    | Acquired 1200 gold pieces
 62421 | Elf:1    | Found Xuczaidy's Jewellery Shoppe.
 62710 | Elf:1    | You fall into a shaft and drop 1 floor!
 62946 | Elf:2    | Received a gift from Trog
 63187 | Elf:2    | Found a runed translucent gate.
 63187 | Elf:2    | Found a runed translucent gate.
 63188 | Elf:2    | Found a runed translucent gate.
 63717 | Elf:1    | Identified the Compendium of Evil
 64311 | Elf:2    | Received a gift from Trog
 64383 | Elf:2    | Found Patorph's Antique Weapon Shop.
 64682 | Elf:3    | Entered Level 3 of the Elven Halls
 64750 | Elf:3    | Found Toleagog's Magic Scroll Shop.
 64793 | Elf:3    | Bought a scroll of magic mapping for 63 gold pieces
 64793 | Elf:3    | Bought a scroll of enchant armour for 135 gold pieces
 64793 | Elf:3    | Bought a scroll of teleportation for 54 gold pieces
 65129 | Elf:3    | Received a gift from Trog
 65904 | Elf:3    | Identified the ring "Xiozxieb" {rN+ Str+6 Slay+3}
 66808 | Elf:3    | Reached XP level 25. HP: 243/243 MP: 22/22
 66869 | Elf:3    | Identified the +11 dire flail "Cuoz" {vamp, Will+ Dex+4
                  | Stlth+}
 67046 | Elf:3    | Identified the +4 quarterstaff of Truncation {vorpal, rC+}
 67047 | Elf:3    | Identified the +7 hand axe "Ohurimim" {vorpal, rF++ Str-2
                  | Int+2 Dex-4}
 67054 | Elf:3    | Received a gift from Trog
 67405 | Elf:3    | Lost mutation: You are weak. (Str -2) [potion of mutation]
 67405 | Elf:3    | Gained mutation: Armour fits poorly on your strangely
                  | shaped body. [potion of mutation]
 67405 | Elf:3    | Gained mutation: Your mind is acute. (Int +2) [potion of
                  | mutation]
 67406 | Elf:3    | Lost mutation: Armour fits poorly on your strangely shaped
                  | body. [potion of mutation]
 67406 | Elf:3    | Lost mutation: Your mind is acute. (Int +2) [potion of
                  | mutation]
 67406 | Elf:3    | Gained mutation: You are partially covered in large bone
                  | plates. (SH +4) [potion of mutation]
 67406 | Elf:3    | Gained mutation: Your magical capacity is low. (-10% MP)
                  | [potion of mutation]
 67406 | Elf:3    | Gained mutation: You are agile. (Dex +2) [potion of
                  | mutation]
 67794 | Slime:1  | Entered Level 1 of the Pits of Slime
 68749 | Slime:5  | Entered Level 5 of the Pits of Slime
 69245 | Slime:5  | Found the +10 Black Knight's barding {ponderous, rPois rN+}
 69283 | Slime:5  | Noticed the Royal Jelly
 69361 | Slime:5  | Killed the Royal Jelly
 70915 | Slime:5  | Got a slimy rune of Zot
 70933 | Slime:5  | Identified the +0 robe of Viny Miracles {Str+6 Int-2}
 71080 | Slime:5  | Identified the +0 pair of gloves of Reatyudy {Will+++ Str-5
                  | Dex+2 SInv}
 71433 | Depths:1 | Paralysed by a floating eye for 2 turns
 71439 | Depths:1 | Paralysed by a floating eye for 2 turns
 71618 | Depths:1 | Received a gift from Trog
 72042 | Depths:1 | Found a gateway to Hell.
 72130 | Depths:1 | Acquired a manual of Polearms
 72506 | Depths:1 | Found a sparkling altar of Nemelex Xobeh.
 73362 | Depths:1 | Reached XP level 26. HP: 228/254 MP: 19/19
 73364 | Depths:1 | Received a gift from Trog
 74199 | Depths:2 | Received a gift from Trog
 75110 | Depths:2 | Found a stormy altar of Qazlal.
 75393 | Depths:2 | Found a corrupted altar of Lugonu.
 75393 | Depths:2 | Found a one-way gate to the infinite horrors of the Abyss.
 75606 | Depths:3 | Received a gift from Trog
 76085 | Depths:3 | Noticed a juggernaut
 76097 | Depths:3 | Killed a juggernaut
 76252 | Depths:3 | Found a large runed translucent door.
 76434 | Depths:3 | Found a large runed translucent door.
 76434 | Depths:3 | Noticed Igie's ghost (veteran SpVM)
 76466 | Depths:3 | Found Qidi's Distillery.
 76472 | Depths:3 | Bought a potion of lignification for 48 gold pieces
 76472 | Depths:3 | Bought 2 potions of lignification for 96 gold pieces
 76472 | Depths:3 | Bought a potion of mutation for 128 gold pieces
 76472 | Depths:3 | Bought a potion of lignification for 48 gold pieces
 76472 | Depths:3 | Bought a potion of haste for 160 gold pieces
 76472 | Depths:3 | Bought a potion of curing for 48 gold pieces
 76472 | Depths:3 | Bought a potion of might for 64 gold pieces
 76674 | Depths:3 | Found a one-way gate leading to the halls of Pandemonium.
 76823 | Depths:3 | Received a gift from Trog
 76959 | Depths:3 | Killed Igie's ghost
 77285 | Depths:3 | Identified the Disquisition on the Excruciating Traveller
 77408 | Depths:4 | Noticed Boris
 77428 | Depths:4 | Killed Boris
 77429 | Depths:4 | Reached XP level 27. HP: 258/264 MP: 19/19
 78830 | Depths:5 | Entered Level 5 of the Depths
 78852 | Depths:5 | Received a gift from Trog
 79958 | Depths:5 | Found a gate to the Realm of Zot.
 80638 | Temple   | Entered the Ecumenical Temple
 80805 | D:4      | Fell from the grace of Trog
 80805 | D:4      | Became a worshipper of the Shining One
 81341 | Crypt:1  | Entered Level 1 of the Crypt
 81401 | Crypt:1  | Reached * piety under the Shining One
 81447 | Crypt:1  | Reached ** piety under the Shining One
 82082 | Crypt:1  | Reached *** piety under the Shining One
 82248 | Crypt:1  | Reached **** piety under the Shining One
 82565 | Crypt:1  | Reached skill level 5 in Invocations
 82735 | Crypt:2  | Reached ***** piety under the Shining One
 82773 | Crypt:2  | Identified the +8 battleaxe of the Eleven Xeniums
                  | {antimagic, Int+5}
 83715 | Crypt:3  | Entered Level 3 of the Crypt
 83735 | Crypt:3  | Reached ****** piety under the Shining One
 83767 | Crypt:3  | Identified a +9 trishula of holy wrath (a +9 demon trident
                  | of electrocution blessed by the Shining One)
 83767 | Crypt:3  | Received a gift from the Shining One
 83847 | Crypt:3  | Found the +9 sword of Zonguldrok {reap}
 83944 | Crypt:3  | Reached skill level 27 in Polearms
 84396 | Crypt:3  | Noticed a dread lich
 84396 | Crypt:3  | Noticed an ancient lich
 84411 | Crypt:3  | Killed a dread lich
 84415 | Crypt:3  | Killed an ancient lich
 84482 | Crypt:3  | Identified the ring of Cianegaf {+Fly AC+4 Dex+3}
 84787 | Crypt:3  | Found a staircase to the Tomb.
 84847 | Crypt:3  | Upgraded the game from 0.27-a0-789-g6bb3289e1e to
                  | 0.27-a0-797-g27d10ad80f
 84850 | Crypt:3  | Learned a level 1 spell: Apportation
 84854 | Crypt:3  | Learned a level 3 spell: Portal Projectile
 85538 | Zot:1    | Entered Level 1 of the Realm of Zot
 85900 | Zot:1    | You are sucked into a shaft and drop 1 floor!
 86117 | Zot:2    | Paralysed by Trog for 5 turns
 86742 | Zot:2    | You are sucked into a shaft and drop 2 floors!
 88074 | Zot:2    | Reached skill level 10 in Invocations
 88692 | Zot:1    | Gained mutation: Your magical capacity is very low. (-20%
                  | MP) [mutagenic glow]
 90757 | Zot:1    | Acquired 936 gold pieces
 91493 | Zot:3    | Noticed an orb of fire
 91493 | Zot:3    | Gained mutation: Armour fits poorly on your strangely
                  | shaped body. [an orb of fire]
 91500 | Zot:3    | Gained mutation: Your spells are a little easier to cast,
                  | but a little less powerful. [an orb of fire]
 91505 | Zot:3    | Killed an orb of fire
 91598 | Zot:3    | Lost mutation: Your magical capacity is very low. (-20% MP)
                  | [potion of mutation]
 91598 | Zot:3    | Lost mutation: Your spells are a little easier to cast, but
                  | a little less powerful. [potion of mutation]
 91598 | Zot:3    | Gained mutation: You are partially covered in iridescent
                  | scales. (AC +2) [potion of mutation]
 91599 | Zot:3    | Lost mutation: You are partially covered in large bone
                  | plates. (SH +4) [potion of mutation]
 91599 | Zot:3    | Lost mutation: Armour fits poorly on your strangely shaped
                  | body. [potion of mutation]
 91599 | Zot:3    | Lost mutation: You are agile. (Dex +2) [potion of mutation]
 91599 | Zot:3    | Gained mutation: You passively map a small area around you.
                  | [potion of mutation]
 91599 | Zot:3    | Gained mutation: You expend magic power (3 MP) to
                  | strengthen your wands. [potion of mutation]
 92983 | Zot:4    | Reached skill level 27 in Fighting
 93150 | Zot:4    | Reached skill level 27 in Armour
 94142 | Depths:5 | Voluntarily entered the Abyss.
 94198 | Depths:5 | Escaped the Abyss
 94200 | Depths:5 | Voluntarily entered the Abyss.
 94257 | Abyss:1  | Found a corrupted altar of Lugonu.
 94322 | Abyss:1  | Paralysed by Trog for 7 turns
 94345 | Abyss:1  | Gained mutation: Armour fits poorly on your strangely
                  | shaped body. [a neqoxec]
 94443 | Abyss:1  | Found a sparkling altar of Nemelex Xobeh.
 94472 | Abyss:1  | Found a sparkling altar of Nemelex Xobeh.
 94550 | Abyss:1  | Paralysed by you for 7 turns
 95304 | Abyss:2  | Paralysed by accursed screaming for 1 turns
 95319 | Abyss:2  | Paralysed by accursed screaming for 1 turns
 95368 | Abyss:3  | Found a corrupted altar of Lugonu.
 96319 | Abyss:4  | Gained mutation: You do not regenerate when monsters are
                  | visible. [a neqoxec]
 96581 | Abyss:4  | Gained mutation: Your body sometimes deteriorates upon
                  | taking damage. [a neqoxec]
 96610 | Abyss:4  | Got an abyssal rune of Zot
 96740 | Depths:5 | Escaped the Abyss
 96855 | Hell     | Entered the Vestibule of Hell
 96855 | Hell     | Noticed Geryon
 96869 | Hell     | Killed Geryon
 97878 | Depths:5 | Reached skill level 15 in Invocations
 98346 | Depths:5 | Was forgiven by Trog
 98529 | Hell     | Found a gateway to the decaying netherworld of Tartarus.
 98530 | Hell     | Lost mutation: Your body sometimes deteriorates upon taking
                  | damage. [potion of mutation]
 98530 | Hell     | Lost mutation: You passively map a small area around you.
                  | [potion of mutation]
 98530 | Hell     | Gained mutation: You are frail. (-10% HP) [potion of
                  | mutation]
 98530 | Hell     | Gained mutation: Your flesh is heat resistant. (rF+)
                  | [potion of mutation]
 98531 | Hell     | Lost mutation: You expend magic power (3 MP) to strengthen
                  | your wands. [potion of mutation]
 98531 | Hell     | Lost mutation: Your magical capacity is low. (-10% MP)
                  | [potion of mutation]
 98531 | Hell     | Lost mutation: You are frail. (-10% HP) [potion of
                  | mutation]
 98531 | Hell     | Lost mutation: You are partially covered in iridescent
                  | scales. (AC +2) [potion of mutation]
 98531 | Hell     | Gained mutation: You are clumsy. (Dex -2) [potion of
                  | mutation]
 98531 | Hell     | Gained mutation: Your flesh is cold resistant. (rC+)
                  | [potion of mutation]
 98652 | Hell     | Found a gateway to the Iron City of Dis.
 98676 | Hell     | Found a gateway to the ashen valley of Gehenna.
 98805 | Hell     | Found a gateway to the freezing wastes of Cocytus.
 98913 | Dis:1    | Entered Level 1 of the Iron City of Dis
 98955 | Dis:1    | Reached skill level 27 in Shields
100786 | Dis:2    | Lost mutation: You are clumsy. (Dex -2) [potion of
                  | mutation]
100786 | Dis:2    | Lost mutation: Your flesh is cold resistant. (rC+) [potion
                  | of mutation]
100786 | Dis:2    | Gained mutation: You are resistant to electric shocks.
                  | (rElec) [potion of mutation]
100786 | Dis:2    | Gained mutation: You are partially covered in yellow
                  | scales. (AC +2) [potion of mutation]
100787 | Dis:2    | Lost mutation: You are resistant to electric shocks.
                  | (rElec) [potion of mutation]
100787 | Dis:2    | Lost mutation: Your flesh is heat resistant. (rF+) [potion
                  | of mutation]
100787 | Dis:2    | Gained mutation: You are agile. (Dex +2) [potion of
                  | mutation]
100787 | Dis:2    | Gained mutation: Your mind is acute. (Int +2) [potion of
                  | mutation]
100788 | Dis:2    | Lost mutation: Armour fits poorly on your strangely shaped
                  | body. [potion of mutation]
100788 | Dis:2    | Lost mutation: Your mind is acute. (Int +2) [potion of
                  | mutation]
100788 | Dis:2    | Lost mutation: You do not regenerate when monsters are
                  | visible. [potion of mutation]
100788 | Dis:2    | Gained mutation: You are surrounded by a mild repulsion
                  | field. (EV +2) [potion of mutation]
100788 | Dis:2    | Gained mutation: Your mind is acute. (Int +2) [potion of
                  | mutation]
104261 | Dis:5    | Cast into level 3 of the Abyss (reaper)
104279 | Dis:5    | Escaped the Abyss
105404 | Dis:7    | Entered Level 7 of the Iron City of Dis
105765 | Dis:7    | Found the +5 robe of Misfortune {*Contam Harm *Corrode
                  | *Drain *Slow EV+5}
105782 | Dis:7    | Identified the ring of Tuiw {*Drain rF+ rCorr Dex+3 Stlth+}
106542 | Dis:7    | Gained mutation: You tend to lose your temper in combat. [a
                  | cacodemon]
106548 | Dis:7    | Gained mutation: Scrolls take you a little longer to read.
                  | [a cacodemon]
106552 | Dis:7    | Gained mutation: Your magical capacity is low. (-10% MP) [a
                  | cacodemon]
106555 | Dis:7    | Gained mutation: You are weak. (Str -2) [a cacodemon]
107898 | Dis:7    | HP: 13/273 [???[the effects of Hell] (5)]
107898 | Dis:7    | The Shining One protects you from harm!
107900 | Dis:7    | HP: 5/273 [reaper/+4 scythe of venom[the effects of Hell]
                  | (24)]
108941 | Dis:7    | Found the +4 staff of Dispater
108941 | Dis:7    | Noticed Dispater
108961 | Dis:7    | HP: 11/273 [Dispater/iron shot (37)]
108962 | Dis:7    | Killed from afar by Dispater

Illustrated notes

Levels and vault maps discovered:
D:1:      shiori_arrival_elements, layout_basic, serial_glass, glass_columns_a,
          glass_columns_a, minmay_strange_pillars, item_on_display_a,
          corexii_leaking_fountain
D:2:      layout_loops_ring
D:3:      layout_basic, lemuel_round_altar, uniq_grinder, uniq_robin
D:4:      layout_basic, lemuel_doored_altar, minmay_temple_entry_tees
D:5:      layout_basic, minmay_misc_feat_encased
D:6:      layout_loops_corners
D:7:      kennysheep_kobold_camp, layout_loops_cross,
          chequers_temple_overflow_statue_of_worship, lemuel_angel_altar
D:8:      layout_loops_cross, gammafunk_temple_overflow_arena
D:9:      layout_roguey, kennysheep_mini, uniq_grum
D:10:     layout_long_grid, david_lair_shrubbed, serial_rivers,
          chequers_serial_rivers_micro_c, chequers_serial_rivers_micro_b,
          chequers_serial_rivers_room_a, chequers_serial_rivers_micro_e,
          chequers_serial_rivers_micro_e, uniq_harold, uniq_gastronok,
          uniq_maurice
D:11:     cheibrodos_orc_bank, layout_cross, serial_co_window_serial,
          co_window_paths_a, co_window_corner_a, co_window_corner_a,
          co_window_paths_b, co_window_corner_a, co_window_of_opportunity_a,
          co_window_corner_a, co_window_broadway_a, co_window_corner_ca,
          glass_columns_b, glass_columns_a, glass_columns_c, glass_columns_a,
          glass_columns_a, enter_bailey_5, uniq_josephine, uniq_sonja
D:12:     layout_gridville, orc_0_dummy
D:13:     layout_roguey, lightli_vaults_fourway_checkpoint, serial_bayou_pond_a
D:14:     layout_long_grid, minmay_staircase_windowed_large
D:15:     hangedman_spin_cycle
Temple:   regret_index_temple_waves
Lair:1:   layout_regular_city, serial_bayou_pond_d, grunt_megastairs_5,
          minmay_lair_oklob_chamber
Lair:2:   wad_woods_tower, layout_regular_city, minmay_hedge_maze, uniq_urug
Lair:3:   layout_roguey, minmay_snake_entry_six_corridors, uniq_rupert
Lair:4:   layout_misc_corridors, minmay_shoals_entry_beasts,
          beast_lair_carwin_9, grunt_megastairs_4, infiniplex_staircase_pool_2,
          lemuel_fruit_tree
Lair:5:   layout_loops_ring, slime_altar_1, beast_lair_carwin_10
Lair:6:   hangedman_lair_tendril_chambers, layout_regular_city, wormcave,
          enter_volcano_2
Shoals:1: layout_shoals, serial_shops, shop, nicolae_shop_window_shopping,
          nicolae_shop_window_shopping, shop_coins, gammafunk_ghost_grave,
          nicolae_shoals_wave_tunnel
Shoals:2: layout_shoals, nicolae_shoals_arrival_archipelago, uniq_polyphemus
Shoals:3: layout_shoals, hangedman_feature_mirror, uniq_mara, uniq_roxanne
Shoals:4: shoals_end_simple, layout_shoals, shoal_ilsuiw, serial_shops,
          nicolae_shop_trees, uniq_kirke
Snake:1:  layout_rooms, basic_altar, minmay_shoptagon
Snake:2:  cheibrodos_snake_lava_hold, layout_misc_corridors, st_stairs_3,
          drop_trap
Snake:3:  layout_misc_corridors, serial_shops, shop_statue, drop_trap
Snake:4:  snake_pit_salamanders_mu, layout_cave_town
Slime:1:  layout_caves
Slime:2:  layout_caves
Slime:3:  layout_caves
Slime:4:  layout_caves
Slime:5
Orc:1:    layout_caves, amcnicky_altar_gilded, uniq_jorgrun
Orc:2:    pubby_orc_utopia
Elf:1:    eino_elf_arrival_customs, layout_onion_city, minmay_elf_necromancy,
          minmay_shop_enchanted_jewellery
Elf:2:    layout_gridlike, serial_shops, nicolae_shop_trees
Elf:3:    elf_hall_gauntlet_narrow, layout_onion_city, serial_shops, shop
Vaults:1: nicolae_vaults_network_quinsquares
          [nicolae_vaults_network_quincunx_subvault,
          nicolae_vaults_network_quincunx_subvault,
          nicolae_vaults_network_quincunx_subvault,
          nicolae_vaults_network_quincunx_subvault],
          nicolae_vaults_puzzle_piece, nicolae_vaults_little_squares_1,
          grunt_vaults_twisty, v_misc_4, nicolae_vaults_border_crossing,
          hangedman_vaults_slice, nicolae_vaults_specimen_jars,
          nicolae_vaults_an_arrangement, nicolae_vaults_asterisk,
          vaults_dpeg_encased_lava, layout_vaults_omnigrid, uniq_asterion
Vaults:2: advil_vaults_ghost_guards, serial_ice_m,
          nicolae_vaults_yaktaur_gun_rack, hangedman_vaults_maws,
          grunt_vaults_diagonal, v_pattern_2, vaults_mumra_chevron,
          nicolae_vaults_stairing_the_circle, ontoclasm_vaults_tryst,
          layout_vaults_chaotic_city, dummy_crypt_entry, serial_shops, shop
Vaults:3: vaults_room_large_hall, v_misc_29, st_squares, hangedman_vaults_snaps,
          v_alt_pattern_6, nicolae_vaults_network_s, v_rooms_3,
          ontoclasm_vaults_decontamination, ontoclasm_vaults_idyll, v_rooms_6,
          layout_vaults_omnibox, uniq_mennas, uniq_margery, uniq_donald
Vaults:4: nicolae_vaults_ring_of_whatevers, v_pattern_3,
          ontoclasm_vaults_ring_small, v_misc_16,
          nicolae_vaults_disjoint_gnomons, hangedman_vaults_maws,
          vaults_mumra_bighexcomb, v_misc_27, hangedman_vaults_slither,
          ontoclasm_vaults_loading_screen, dpeg_vaults_monster_row,
          nicolae_vaults_little_squares_4, layout_vaults_maze_bifur,
          serial_shops, shop, shop
Vaults:5: uniq_jory, uniq_frederick
Crypt:1:  layout_regular_city, grunt_ministairs_11,
          grunt_crypt_arrival_guarded_gate, grunt_megastairs_2
Crypt:2:  layout_regular_city, grunt_megastairs_1
Crypt:3:  david_glass_crypt, layout_chaotic_city,
          nicolae_tomb_entry_unfolded_pyramid_orthogonal
Depths:1: little_maze_vault, layout_basic, enter_ziggurat_c, hellmouth_3,
          grunt_decor_fettered, nemelex_diamond_rough_becter
Depths:2: regret_index_qazlal_generations, layout_basic,
          grunt_hell_entry_dis_grunt, minmay_misc_feat_x,
          abyss_entry_flame_altar
Depths:3: minmay_bad_star, layout_gridlike, hell_entry, serial_shops, shop,
          ebering_ghost_disaster_area, grunt_pan_entry_spiral,
          serial_bayou_pond_c, statue_in_the_mist_lemuel
Depths:4: nzn_winding_woodlands_medium [nzn_winding_woodlands_5x5_checkerboard,
          nzn_winding_woodlands_5x15_longhouse,
          nzn_winding_woodlands_5x5_closed_star,
          nzn_winding_woodlands_5x5_open_star,
          nzn_winding_woodlands_center_garden, nzn_winding_woodlands_5x5_cross,
          nzn_winding_woodlands_5x5_three, nzn_winding_woodlands_5x15_cabin,
          nzn_winding_woodlands_hourglass], layout_long_grid, hell_entry,
          abyss_entry, serial_bayou_shore_b, serial_bayou_shore_a,
          infiniplex_staircase_split_hallway, uniq_boris
Depths:5: grunt_zot_entry_gee_three, layout_gridville, nicolae_water_bricks,
          hangedman_abyss_entry_splay, hell_entry, st_stairs_6
Hell
Dis:1:    layout_regular_city
Dis:2:    layout_subdivisions
Dis:3:    layout_gridville, lemuel_elevator
Dis:4:    layout_gridville
Dis:5:    layout_regular_city
Dis:6:    layout_overlapping_boxes, hangedman_dis_decor_blocks_mantle,
          hangedman_dis_decor_blocks_talon
Dis:7:    dis_st
Zot:1:    infiniplex_zot_generator, layout_twisted_circle
Zot:2:    layout_twisted_circle, hangedman_zot_decor_tridents,
          grunt_ministairs_2
Zot:3:    layout_cathedral_of_symmetry, st_stairs_12,
          hangedman_zot_decor_unnerving_road
Zot:4:    layout_twisted_circle

Skill      XL: |  1  2  3  4  5  6  7  8  9 10 11 12 13 14 15 16 17 18 19 20 21 22 23 24 25 26 27 |
---------------+----------------------------------------------------------------------------------+-----
Polearms       | 4 5 6 7 9 11 12 14 16 17 18 19 20 23 25 27 | 27.0
Fighting       | 4 5 6 7 8 9 11 12 13 14 15 16 17 18 19 20 21 22 23 24 27 | 27.0
Armour         | 3 4 5 6 8 9 10 11 13 14 15 17 18 19 20 21 22 23 24 27 | 27.0
Dodging        | 3 4 5 6 7 8 9 11 13 14 15 16 17 23 | 23.6
Shields        | 4 9 12 14 15 16 17 18 19 20 21 22 27 | 27.0
Throwing       | 2 6 7 10 11 12 14 15 22 | 22.8
Evocations     | 1 5 6 8 |  8.0
Invocations    | 15 | 15.0

Action                   |  1- 3 |  4- 6 |  7- 9 | 10-12 | 13-15 | 16-18 | 19-21 | 22-24 | 25-27 || total
-------------------------+-------+-------+-------+-------+-------+-------+-------+-------+-------++-------
Melee: Spear             |   105 |   126 |   270 |       |       |       |       |       |       ||   501
       Headbutt          |    22 |    26 |    54 |    99 |   249 |   261 |   378 |   467 |  1908 ||  3464
       Trident           |       |       |    65 |   572 |   611 |       |       |       |   590 ||  1838
       Demon trident     |       |       |       |       |   481 |  1448 |  1792 |  1825 |  1913 ||  7459
       Trishula          |       |       |       |       |       |       |       |       |  4270 ||  4270
Throw: Javelin           |       |       |       |       |       |       |    13 |       |    13 ||    26
Invok: Berserk           |       |     1 |     4 |     2 |     3 |     2 |     5 |     6 |     4 ||    27
       Trog's Hand       |       |       |       |     1 |     1 |       |       |     6 |     1 ||     9
       Brothers in Arms  |       |       |       |     1 |       |       |       |       |     1 ||     2
       Summon Divine War |       |       |       |       |       |       |       |       |    13 ||    13
       Cleansing Flame   |       |       |       |       |       |       |       |       |     5 ||     5
       Divine Shield     |       |       |       |       |       |       |       |       |     1 ||     1
       Brand Weapon With |       |       |       |       |       |       |       |       |     1 ||     1
Evoke: Wand              |       |       |       |       |       |       |       |       |     3 ||     3
  Use: Scroll            |       |       |    11 |    10 |    15 |     6 |     2 |    13 |    10 ||    67
       Potion            |       |       |       |     2 |       |     3 |     1 |     9 |    19 ||    34
 Stab: Petrified         |       |       |       |       |     3 |       |       |       |       ||     3
       Petrifying        |       |       |       |       |     1 |       |     2 |       |     1 ||     4
       Distracted        |       |       |       |       |       |       |     1 |       |     2 ||     3
Armor: Scale mail        |    19 |    18 |       |       |       |   193 |   351 |   114 |       ||   695
       Animal skin       |     2 |       |       |       |       |       |       |       |       ||     2
       Chain mail        |       |    24 |    86 |       |       |       |       |       |       ||   110
       Plate armour      |       |       |    23 |   202 |   549 |    78 |       |       |       ||   852
       Gold dragon scale |       |       |       |       |       |       |       |   215 |  1745 ||  1960
Dodge: Dodged            |    34 |    50 |    83 |   167 |   273 |   297 |   382 |   346 |  1522 ||  3154
Block: Kite shield       |       |       |       |       |   453 |   761 |  1086 |  1136 |  5091 ||  8527
       Reflection        |       |       |       |       |       |    45 |   107 |   115 |    95 ||   362

Table legend: (Time is in decaauts)
 A = Elapsed time spent in this place.
 B = Non-inter-level travel time spent in this place.
 C = Inter-level travel time spent in this place.
 D = Time resting spent in this place.
 E = Time spent auto-exploring this place.
 F = Levels seen in this place.
 G = Mean time per level.
                   A        B        C        D        E       F      G
               +--------+--------+--------+--------+--------+-----+--------+
         Total | 104543 |  98164 |   6379 |  22870 |  57812 |  74 | 1412.7 |
       Dungeon |  22912 |  20745 |   2167 |   5589 |  12501 |  15 | 1527.5 |
        Temple |    151 |     76 |     75 |      0 |     76 |   1 |  151.0 |
          Lair |   6269 |   5574 |    695 |     75 |   4395 |   6 | 1044.8 |
        Shoals |   7499 |   7147 |    352 |   2641 |   3555 |   4 | 1874.8 |
     Snake Pit |   5314 |   5079 |    235 |   1190 |   2810 |   4 | 1328.5 |
    Slime Pits |   3265 |   3182 |     83 |   2280 |    506 |   5 |  653.0 |
  Orcish Mines |   2541 |   2179 |    362 |      0 |   1669 |   2 | 1270.5 |
   Elven Halls |   5256 |   4950 |    306 |   1035 |   3044 |   3 | 1752.0 |
        Vaults |  14857 |  14093 |    764 |   4823 |   7286 |   5 | 2971.4 |
         Crypt |   3494 |   3287 |    207 |     12 |   2498 |   3 | 1164.7 |
        Depths |  10255 |   9623 |    632 |   2173 |   5932 |   5 | 2051.0 |
          Hell |    542 |    508 |     34 |      0 |    361 |   1 |  542.0 |
           Dis |   9321 |   9126 |    195 |    478 |   6578 |   7 | 1331.6 |
           Zot |   8204 |   7937 |    267 |   1563 |   5066 |   4 | 2051.0 |
         Abyss |   2387 |   2387 |      0 |     42 |    627 |   7 |  341.0 |
        Bailey |   1503 |   1503 |      0 |    774 |    545 |   1 | 1503.0 |
       Volcano |    766 |    766 |      0 |    192 |    360 |   1 |  766.0 |
               +--------+--------+--------+--------+--------+-----+--------+

Top non-repeatable levels by time:
Vaults:4: 4843 daAuts
    D:14: 3414 daAuts
Shoals:3: 3361 daAuts
   Dis:7: 3317 daAuts
   Zot:3: 2914 daAuts
Vaults:2: 2861 daAuts
Vaults:5: 2839 daAuts
    D:15: 2820 daAuts
Depths:5: 2798 daAuts
   Zot:1: 2691 daAuts
Vaults:3: 2486 daAuts
Shoals:4: 2256 daAuts
   Elf:2: 2248 daAuts
Depths:1: 2248 daAuts
 Snake:4: 2244 daAuts
